 Dungeon Crawl Stone Soup version 0.29.1-13-g9f3cf754e1 (webtiles) character file.

Game seed: 17625966845190806734

43 KittyFluff the Cudgeller (level 3, -4/24 HPs)
             Began as a Gargoyle Berserker on Jan 20, 2023.
             Was a Believer of Trog.
             Slain by a worm (7 damage)
             ... on level 2 of the Dungeon.
             The game lasted 00:05:03 (1133 turns).

KittyFluff the Cudgeller (Gargoyle Berserker)       Turns: 1133, Time: 00:05:04

Health: -4/24      AC:  6    Str: 20    XL:     3   Next: 58%
Magic:  3/3        EV: 11    Int:  7    God:    Trog [**....]
Gold:   84         SH:  0    Dex: 11    Spells: 2/2 levels left

rFire   . . .      SeeInvis .   a - +0 mace
rCold   . . .      Faith    .   (no shield)
rNeg    + . .      Spirit   .   j - +0 leather armour
rPois   ∞          Reflect  .   (no helmet)
rElec   +          Harm     .   (no cloak)
rCorr   .          Rampage  .   (no gloves)
Will    .....                   (no boots)
Stlth   +.........              (no amulet)
HPRegen 0.08/turn               (no ring)
MPRegen 0.08/turn               (no ring)

@: no status effects
A: sickness immunity, AC +3, negative energy resistance 1, electricity
resistance, torment resistance 1, petrification resistance
a: Renounce Religion, Berserk, Trog's Hand


You were on level 2 of the Dungeon.
You worshipped Trog.
Trog was pleased with you.
You visited 1 branch of the dungeon, and saw 2 of its levels.

You collected 84 gold pieces.

Inventory:

Hand Weapons
 a - a +0 mace (weapon)
Missiles
 c - 10 stones (quivered)
Armour
 j - a +0 leather armour (worn)
Jewellery
 e - a ring of fire
Scrolls
 d - 2 scrolls of immolation
 f - a scroll of identify {unknown}
 g - 2 scrolls of teleportation {unknown}
Potions
 h - 3 potions of degeneration {unknown}
 i - a potion of curing {unknown}


   Skills:
 + Level 3.6 Fighting
 + Level 3.7 Maces & Flails
 * Level 2.7 Armour
 + Level 1.7 Dodging
 + Level 0.6 Stealth


You had 2 spell levels left.
You didn't know any spells.
Your spell library was empty.

Dungeon Overview and Level Annotations

Branches:
Dungeon (2/15)

Altars:


Innate Abilities, Weirdness & Mutations

You are immune to sickness and miasma.
Your stone body is resilient. (AC +3)
You are immune to poison.
You resist negative energy. (rN+)
You are resistant to electric shocks. (rElec)
You are resistant to unholy torment.
You are immune to petrification.


Message History

You miss the adder.
The adder is almost dead.
The adder closely misses you. The adder misses you.
You closely miss the adder.
The adder is almost dead.
The adder bites you.
You barely miss the adder.
The adder is almost dead.
The adder closely misses you. The adder bites you but does no damage.
You barely miss the adder.
The adder is almost dead.
The adder closely misses you.
You sock the adder!
You kill the adder!
Trog accepts your kill.
You see here an adder corpse.
You see here a +0 leather armour.
j - a +0 leather armour You start removing your armour.
You continue taking off your +0 animal skin. x4
You finish taking off your +0 animal skin.
You start putting on your armour.
You continue putting on your +0 leather armour. x5
You finish putting on your +0 leather armour.
You drop a +0 animal skin.
You see here an adder corpse.
A worm comes into view.
You see here a scroll labelled VAUSIE UGYT.
g - 2 scrolls labelled VAUSIE UGYT (gained 1)
The worm bites you.
You hit the worm.
The worm is moderately wounded.
You hit the worm but do no damage.
The worm is moderately wounded.
The worm bites you!
* * * LOW HITPOINT WARNING * * *
You hit the worm but do no damage.
The worm is moderately wounded.
The worm bites you!
You die...

#......# #...........
###......# #....>......
#........# ............†
+[.......#######+#+#....
#.†..#+#.#######.#.#....
+..............>..<.....
#....###.####...........
#....###+####....†..####
#......@w..#........#
#...................#
####........#.......#
#.###....+.......# #.#
....#.......# #.#
.####.......# #.# +#
###+##+## #.


You could see a worm.

Vanquished Creatures
  An adder (D:2)
  A dart slug (D:1)
  3 ball pythons (D:1)
  2 endoplasms
  2 giant cockroaches (D:1)
  2 goblins
  3 hobgoblins
  4 jackals (D:1)
  A kobold (D:1)
  2 quokkas
  3 frilled lizards (D:1)
  4 rats
28 creatures vanquished.

Notes
Turn   | Place    | Note
-------+----------+-------------------------------------------
     0 | D:1      | KittyFluff the Gargoyle Berserker began the quest for the
                  | Orb.
     0 | D:1      | Reached XP level 1. HP: 14/14 MP: 1/1
    59 | D:1      | Found a faded altar of an unknown god.
   245 | D:1      | Reached XP level 2. HP: 17/19 MP: 2/2
   753 | D:1      | Reached ** piety under Trog
   754 | D:1      | Reached XP level 3. HP: 20/23 MP: 3/3
  1133 | D:2      | Slain by a worm

Illustrated notes

Levels and vault maps discovered:
D:1:      lightli_arrival_statuegarden, layout_basic,
          hellmonk_ecumenical_altar_blasted
D:2:      layout_basic, uniq_jessica

Action                   || total
-------------------------++-------
Melee: Mace              ||    95
Armor: Animal skin       ||    29
Dodge: Dodged            ||    54
